Map: Zona del Vuoto

Players

illusio - Winner!

  • Race: Terran Terran
  • League: Diamond

Jhyrachy - Winner!

  • Race: Zerg Zerg
  • League: Gold

MugeN - Winner!

  • Race: Terran Terran
  • League: Master

LaWeedaLoca - Winner!

  • Race: Terran Terran
  • League: Master

Psio

  • Race: Terran Terran
  • League: Diamond

chocsam

  • Race: Zerg Zerg
  • League: Diamond

Tässä

  • Race: Protoss Protoss
  • League: Gold

DarkShadow

  • Race: Protoss Protoss

VOD

Have the link to the VOD?

Description

Time

  • Played on: April 24, 2016, 5:36 p.m.
  • Length: 14:11
Show
View Real Time Build Order
Export as new Build Order

illusio Terran - Winner!

Build Orders: Reaper Expand, MMM Bio 

Get SALT Encoding   

  12  0:01  SCV  
  13  0:13  SCV  
  14  0:19  Supply Depot  
  14  0:25  SCV  
  15  0:41  SCV  
  16  0:43  Barracks  
  16  0:51  Refinery  
  16  0:53  SCV  
  17  1:05  SCV  
  18  1:17  SCV  
  19  1:31  Orbital Command  
  19  1:34  Reaper  
  20  1:44  Command Center  
  20  1:55  Supply Depot  
  20  1:57  SCV  
  21  2:07  Barracks Reactor  
  21  2:11  SCV  
  22  2:16  Supply Depot  
  22  2:29  Factory  
  22  2:43  SCV  
  23  2:44  Marine x2  
  25  2:55  SCV  
  25  2:59  Bunker, Orbital Command  
  25  3:02  Marine x2  
  27  3:05  Refinery  
  27  3:07  SCV  
  28  3:15  Starport  
  28  3:18  Widow Mine  
  30  3:20  Marine x2  
  30  3:25  SCV  
  33  3:38  Marine x2  
  35  3:44  SCV x2  
  35  3:47  Widow Mine  
  39  3:55  Medivac  
  41  3:56  Marine x2, Engineering Bay  
  41  3:59  SCV x2  
  45  4:08  Barracks  
  45  4:11  SCV x2  
  45  4:13  Marine  
  45  4:14  Marine  
  49  4:27  Factory Reactor  
  49  4:38  SCV x2  
  51  4:42  Marine x2  
  53  4:48  Starport Reactor  
  53  4:50  SCV  
  54  4:57  Barracks  
  51  5:15  SCV x2  
  51  5:17  Refinery  
  51  5:19  Barracks Tech Lab  
  51  5:20  Refinery  
  51  5:21  Marine  
  54  5:26  Terran Infantry Weapons Level 1, Supply Depot  
  54  5:29  Engineering Bay  
  54  5:31  Supply Depot  
  54  5:38  Command Center  
  54  5:40  Missile Turret  
  54  5:42  Stimpack  
  54  5:47  Marine, Medivac x2  
  54  5:48  SCV x2  
  61  6:01  SCV x2  
  59  6:06  Factory Tech Lab  
  59  6:08  Marine x2  
  59  6:09  Marine x2  
  63  6:11  Marauder  
  63  6:13  SCV x2  
  64  6:20  Medivac x2  
  64  6:23  Terran Infantry Armor Level 1  
  64  6:25  SCV x2  
  70  6:26  Supply Depot  
  70  6:27  Supply Depot  
  70  6:34  Armory  
  70  6:40  Marine  
  70  6:48  Siege Tank, Marine x3, SCV x2  
  74  6:55  Liberator x2  
  55  7:08  Marine  
  55  7:09  Marine  
  55  7:11  Marauder  
  64  7:22  Marine x2  
  54  7:32  Marauder  
  54  7:36  Marine  
  51  7:37  Marine  
  50  7:50  Marine  
  50  7:51  Marine  
  46  7:53  Marauder  
  46  7:56  Orbital Command  
  42  8:25  Orbital Command, Terran Infantry Weapons Level 2  
  42  8:26  Terran Infantry Armor Level 2  
  42  8:27  Command Center  
  42  8:32  Supply Depot  
  42  8:41  Siege Tank  
  45  8:51  SCV x2  
  47  9:00  Combat Shields  
  47  9:03  SCV x2  
  47  9:08  Marine x2  
  47  9:09  Marine x2  
  53  9:10  Marine  
  54  9:18  Liberator  
  54  9:20  Missile Turret  
  54  9:28  Marine  
  54  9:29  Missile Turret  
  55  9:35  Supply Depot  
  58  9:38  SCV  
  58  9:39  SCV  
  60  9:47  Orbital Command  
  60  9:51  SCV x2  
  62  10:03  SCV x2  
  62  10:07  Marine x3  
  64  10:08  Marine  
  68  10:15  SCV x2  
  68  10:16  Siege Tank  
  68  10:18  SCV  
  71  10:27  SCV x2  
  73  10:30  SCV  
  73  10:31  Marauder  
  76  10:45  SCV x2  
  76  10:46  SCV  
  79  10:50  Refinery  
  79  10:51  Refinery, Marine x4  
  79  10:52  Marauder  
  84  10:57  SCV  
  85  11:08  Marine  
  85  11:09  Marine  
  73  11:14  Marauder  
  58  11:21  Siege Tank  
  58  11:24  Medivac x2  
  63  11:28  SCV x3  
  66  11:40  SCV x3  
  69  11:49  Concussive Shells  
  69  11:52  SCV x3  
  69  11:53  Siege Tank  
  75  12:04  SCV x3  
  78  12:09  Marine x2  
  78  12:11  Refinery  
  80  12:16  Marine x3, SCV x3  
  80  12:20  Medivac  
  88  12:26  Siege Tank  
  88  12:27  Marine x2, Barracks  
  88  12:28  SCV, Barracks  
  94  12:34  Marauder, Marine x2  
  98  12:45  Marine  
  99  12:56  Marauder  
  99  12:58  Siege Tank  
  104  13:01  Marine  
  104  13:02  Marine x2  
  104  13:03  Marine  
  108  13:21  Supply Depot  
  108  13:24  Supply Depot  
  108  13:26  Supply Depot  
  108  13:40  Barracks Tech Lab  
  108  13:42  Barracks Tech Lab  
  108  13:43  Marauder  
Show
View Real Time Build Order
Export as new Build Order

Jhyrachy Zerg - Winner!

Build Orders: Hatch First 

Get SALT Encoding   

  12  0:06  Drone  
  13  0:19  Drone  
  13  0:21  Overlord  
  14  0:39  Drone  
  14  0:40  Drone  
  14  0:42  Drone  
  17  0:57  Drone  
  17  1:02  Extractor  
  17  1:03  Drone  
  18  1:14  Hatchery  
  17  1:20  Spawning Pool  
  17  1:22  Drone  
  17  1:29  Drone  
  18  1:42  Drone  
  18  1:45  Overlord  
  19  2:10  Zergling x2  
  19  2:11  Queen  
  22  2:26  Queen  
  22  2:29  Drone x4  
  28  3:04  Metabolic Boost  
  28  3:09  Zergling x12  
  34  3:21  Drone  
  35  3:38  Drone  
  36  3:44  Overlord x2  
  35  4:08  Drone x4  
  39  4:10  Zergling x12  
  45  4:28  Drone x3  
  48  4:31  Evolution Chamber  
  48  4:35  Evolution Chamber  
  46  4:38  Zergling x2  
  46  4:39  Zergling x8  
  46  4:40  Overlord  
  51  4:46  Lair  
  51  4:50  Drone  
  51  4:52  Extractor  
  39  5:34  Extractor  
  39  5:35  Drone  
  39  5:36  Drone x4  
  39  5:37  Extractor  
  39  5:40  Drone x3  
  39  5:42  Overlord  
  45  5:48  Spire  
  44  5:54  Drone  
  45  6:06  Drone  
  45  6:07  Drone x3  
  45  6:10  Drone  
  50  6:47  Overlord x2  
  50  7:00  Mutalisk  
  50  7:01  Mutalisk x8  
  68  7:20  Zerg Melee Weapons Level 1  
  68  7:21  Zerg Ground Armor Level 1  
  68  7:26  Zergling x18  
  77  8:23  Queen  
  79  8:28  Hatchery  
  79  8:31  Infestation Pit  
  79  8:32  Zergling x14  
  84  10:17  Zerg Ground Armor Level 2, Zerg Melee Weapons Level 2  
  84  10:22  Hive  
  64  11:34  Spore Crawler  
  52  12:10  Queen  
  52  12:14  Adrenal Glands  
  49  12:26  Drone x3  
  49  12:27  Drone x2  
  54  12:38  Zergling x2  
  54  12:39  Zergling x28  
  54  12:40  Zergling x26  
Show
View Real Time Build Order
Export as new Build Order

MugeN Terran - Winner!

Build Orders: Bio Tank 

Get SALT Encoding   

  12  0:01  SCV  
  13  0:13  SCV  
  14  0:18  Supply Depot  
  14  0:26  SCV  
  15  0:39  SCV  
  16  0:44  Barracks  
  16  0:48  Refinery  
  16  0:51  SCV  
  17  1:04  SCV  
  18  1:17  SCV  
  19  1:34  Barracks Reactor  
  19  1:36  Orbital Command  
  19  1:42  Command Center  
  19  1:56  Supply Depot  
  19  2:02  SCV  
  20  2:10  Marine x2, Factory  
  20  2:15  SCV  
  23  2:27  SCV  
  23  2:28  Marine x2  
  26  2:32  Refinery  
  26  2:39  SCV  
  27  2:46  Marine x2  
  27  2:51  SCV  
  30  2:55  Factory Tech Lab  
  30  2:56  Starport  
  30  3:03  SCV  
  30  3:04  Orbital Command, Marine  
  32  3:07  Marine  
  33  3:18  Siege Tank  
  33  3:19  SCV  
  37  3:24  Orbital Command  
  37  3:31  Supply Depot, SCV  
  38  3:39  Medivac  
  40  3:41  Marine  
  40  3:44  SCV  
  42  3:50  SCV  
  43  3:56  SCV  
  44  4:09  Medivac  
  46  4:13  SCV x2  
  48  4:19  Engineering Bay  
  48  4:20  Marine  
  48  4:23  Barracks  
  49  4:25  SCV x2, Barracks  
  49  4:30  Supply Depot  
  51  4:31  Marine  
  51  4:37  SCV x2  
  54  4:42  Starport Reactor  
  54  4:43  Factory Tech Lab  
  54  4:50  SCV  
  54  4:52  Marine  
  54  4:54  Marine, SCV  
  54  4:57  Refinery  
  54  4:59  Refinery  
  57  5:00  Supply Depot x2  
  57  5:03  SCV  
  57  5:05  Siege Tank  
  61  5:10  SCV  
  61  5:13  Supply Depot  
  62  5:14  Barracks Tech Lab  
  62  5:16  Terran Infantry Weapons Level 1  
  62  5:18  Marine x2  
  62  5:21  SCV  
  65  5:22  SCV  
  66  5:30  Marine  
  66  5:33  SCV  
  68  5:36  Marine  
  68  5:37  Siege Tank, Barracks  
  68  5:39  Barracks  
  68  5:42  Stimpack  
  72  5:44  Combat Shields  
  72  5:46  SCV x2  
  72  5:47  Marine  
  75  5:54  Marine  
  76  5:57  Missile Turret  
  76  5:58  SCV x2  
  76  6:03  Missile Turret  
  78  6:04  Marine  
  78  6:09  Medivac  
  78  6:10  SCV  
  82  6:14  Marine  
  82  6:17  Siege Tank  
  86  6:19  SCV  
  86  6:22  SCV, Supply Depot  
  78  6:41  SCV  
  78  6:43  SCV  
  78  6:44  Marine  
  78  6:45  Marine  
  75  6:47  Marine x2  
  75  6:49  Siege Tank, Marine x2  
  75  6:53  SCV  
  83  6:56  SCV  
  82  7:02  Marine  
  82  7:03  Concussive Shells, Marine  
  82  7:05  Medivac  
  82  7:07  Marauder x2  
  90  7:10  Marine, SCV  
  92  7:17  Supply Depot  
  92  7:19  Terran Infantry Armor Level 1  
  92  7:20  Marine  
  93  7:30  Marine  
  94  7:39  Siege Tank, Marine x4, SCV  
  102  7:47  Marine  
  102  7:48  Marine  
  73  8:13  Marine x3  
  73  8:14  Siege Tank  
  79  8:21  Marine x2  
  79  8:29  Command Center  
  75  8:36  Marine  
  75  8:39  Marine  
  75  8:43  Marine x3  
  75  8:44  Marine  
  75  8:46  Siege Tank  
  79  8:58  Marine x2  
  79  9:01  Marine x3  
  82  9:03  Marine  
  82  9:07  Armory, SCV  
  81  9:16  Marine x2  
  69  9:18  Siege Tank  
  69  9:19  Marine  
  69  9:22  SCV  
  73  9:24  Marine  
  73  9:25  Marine  
  73  9:28  Marine  
  75  9:33  Marine  
  75  9:34  Marine  
  75  9:36  Marine  
  76  9:42  Marine x2  
  75  9:46  Marine  
  75  9:51  Marine x2  
  75  9:52  Orbital Command  
  78  9:53  Barracks  
  78  9:54  Marine  
  78  9:55  SCV x2  
  81  10:00  Marine x2  
  81  10:03  Marine  
  76  10:19  Marine x2, Liberator x2  
  76  10:20  Marine x2  
  80  10:21  Siege Tank, Marine x2  
  81  10:37  Marine x2  
  81  10:38  Marine x2  
  81  10:39  Marine x2  
  81  10:41  Marine, SCV  
  95  10:43  SCV  
  95  10:45  Refinery  
  95  10:47  Refinery  
  95  10:49  Terran Vehicle Weapons Level 1  
  94  10:50  Terran Infantry Weapons Level 2  
  94  10:53  Siege Tank  
  94  10:55  Marine x2  
  94  10:56  Marine  
  100  11:00  Marine x2  
  100  11:01  Liberator  
  100  11:02  Marine  
  100  11:03  Marine  
  104  11:14  Marine  
  104  11:15  Marine x2  
  104  11:16  SCV  
  108  11:19  Supply Depot, Medivac  
  108  11:20  Marine x2, SCV, Supply Depot  
  108  11:22  Marine  
  117  11:39  Marine  
  117  11:40  Marine  
  117  11:41  Siege Tank  
  117  11:44  Liberator  
  117  11:46  Marine x2  
  120  11:47  Marine x2  
  120  11:48  Marine  
  120  11:49  Medivac  
  125  11:57  Marine  
  125  11:58  Marine  
  127  12:04  Marine x2  
  127  12:05  Marine  
  127  12:07  Liberator  
  133  12:11  Marine  
  131  12:24  Siege Tank  
  131  12:26  Marine  
  133  12:32  Marine  
  133  12:36  Marine  
  133  12:37  Marine  
  131  12:38  Marine  
  131  12:43  Marine  
  133  12:52  Marine  
  133  12:54  Marine  
  133  12:55  Marine  
  133  12:57  Marine  
  133  12:58  Marine  
  133  13:36  Marine x3  
  133  13:37  Marine x4  
  133  13:39  Siege Tank  
Show
View Real Time Build Order
Export as new Build Order

LaWeedaLoca Terran - Winner!

Build Orders: MMM Bio 

Get SALT Encoding   

  12  0:01  SCV  
  13  0:13  SCV  
  14  0:19  Supply Depot  
  14  0:25  SCV  
  15  0:33  Refinery  
  15  0:41  SCV  
  16  0:45  Barracks  
  16  0:53  SCV  
  17  1:05  SCV  
  18  1:17  SCV  
  19  1:19  Refinery  
  19  1:29  SCV  
  20  1:33  Reaper  
  20  1:38  Supply Depot  
  21  1:41  Orbital Command  
  21  1:51  Factory  
  21  2:05  Reaper  
  21  2:08  SCV  
  23  2:21  SCV  
  24  2:27  Supply Depot  
  24  2:35  Hellion  
  24  2:36  SCV  
  27  2:38  Reaper, Starport  
  28  2:49  SCV  
  29  2:56  Supply Depot  
  29  2:59  Widow Mine  
  29  3:01  SCV  
  31  3:12  Reaper  
  32  3:13  SCV  
  32  3:15  Medivac  
  35  3:25  SCV  
  35  3:37  SCV  
  37  3:41  Hellion  
  37  3:47  Barracks Reactor  
  37  3:49  SCV, Starport Tech Lab  
  37  3:54  Engineering Bay  
  38  4:06  Command Center  
  38  4:29  Starport Reactor  
  38  4:30  Missile Turret  
  38  4:32  Barracks  
  38  4:34  Barracks Tech Lab, Barracks  
  38  4:36  SCV  
  42  4:38  Siege Tank  
  42  4:48  SCV  
  43  5:01  SCV  
  44  5:10  Marine  
  42  5:18  Siege Tank, Stimpack  
  42  5:19  Medivac  
  42  5:20  Marine  
  43  5:28  Orbital Command, Marine  
  44  5:38  SCV  
  45  5:43  Barracks Reactor  
  45  5:46  Marine  
  46  5:50  SCV  
  46  5:55  Siege Tank  
  50  5:58  SCV  
  50  6:02  Marine x2, SCV  
  50  6:03  Marine  
  55  6:06  Terran Infantry Weapons Level 1  
  55  6:07  Medivac  
  54  6:21  Supply Depot  
  54  6:22  Marauder  
  54  6:24  SCV x2  
  58  6:36  SCV x2  
  60  6:40  Marine x2  
  60  6:42  Marine x2  
  60  6:43  Siege Tank, Marine  
  68  6:51  Orbital Command  
  64  7:01  Marine x3  
  65  7:08  Marine, SCV  
  65  7:09  Marine  
  68  7:19  Marine x2  
  70  7:25  Marine, SCV  
  70  7:26  Marine x2  
  70  7:28  Supply Depot  
  74  7:30  Medivac  
  74  7:36  Marine  
  74  7:37  Marine  
  78  7:49  Marine x2, SCV  
  72  8:07  Marine x2  
  72  8:08  Marine x3  
  72  8:25  Marine  
  73  8:27  Combat Shields  
  73  8:28  Terran Infantry Armor Level 1  
  70  8:48  Marine x5  
  71  8:49  Siege Tank  
  76  9:05  Marine  
  76  9:06  Marine x4  
  75  9:23  Marine  
  75  9:24  Marine x4  
  72  9:27  Supply Depot  
  73  9:41  Marine  
  73  9:42  Marine x4  
  74  9:59  Marine x3  
  71  10:00  Marauder, Marine  
  71  10:01  SCV x2  
  71  10:13  SCV x2  
  73  10:17  Marine x3  
  73  10:18  Marine  
  77  10:21  Marauder, Medivac x2  
  83  10:30  Barracks  
  83  10:31  Barracks  
  83  10:34  Marine  
  83  10:35  Marine x2  
  84  10:36  Marine  
  84  10:39  Concussive Shells  
  87  10:43  Marauder  
  89  10:52  Marine  
  89  10:53  Marine x3  
  93  10:58  Supply Depot  
  93  11:10  Marine  
  93  11:18  Medivac  
  93  11:20  Marauder  
  93  11:21  Medivac  
  94  11:32  Command Center  
  94  11:39  Siege Tank  
  94  11:40  Marine  
  94  11:41  Marine  
  94  11:42  Marine  
  94  11:51  Barracks Tech Lab  
  94  11:52  Barracks Reactor, Marine  
  94  12:27  Marauder  
  88  12:35  Marine x2  
  88  12:36  Marine x3  
  88  12:37  Siege Tank, Marauder, Marine, Medivac  
  86  12:38  Medivac  
  93  12:48  Marauder  
  89  12:53  Marine x2  
  89  12:54  Marine  
  89  12:58  Marauder, Marine x2  
  93  13:00  Marine  
  96  13:09  Marauder  
Show
View Real Time Build Order
Export as new Build Order

Psio Terran 

Build Orders: MMM Bio 

Get SALT Encoding   

  12  0:01  SCV  
  13  0:13  SCV  
  14  0:20  Supply Depot  
  14  0:25  SCV  
  15  0:41  SCV  
  15  0:42  Barracks  
  16  0:49  Refinery  
  16  0:54  SCV  
  17  1:06  SCV  
  18  1:19  SCV  
  19  1:34  Reaper  
  19  1:35  Orbital Command  
  20  1:47  Barracks  
  20  1:48  Barracks  
  20  2:00  Supply Depot  
  20  2:01  SCV  
  21  2:06  Marine  
  22  2:14  SCV  
  23  2:25  Marine  
  23  2:27  SCV  
  25  2:38  Barracks Reactor, Marine  
  25  2:41  Refinery  
  26  2:45  SCV, Factory  
  26  2:46  Marine  
  28  2:56  Marine  
  29  3:04  Marine  
  29  3:05  SCV  
  31  3:24  Supply Depot  
  31  3:31  Starport  
  31  3:45  Widow Mine, Marine x3  
  31  3:47  Barracks Tech Lab  
  36  3:53  Command Center  
  36  4:01  Engineering Bay  
  36  4:06  SCV  
  36  4:08  Stimpack  
  36  4:09  Barracks Reactor  
  37  4:10  Marine x2  
  37  4:16  Supply Depot  
  39  4:30  Missile Turret  
  39  4:37  Widow Mine  
  39  4:38  Marine x2, SCV, Medivac  
  46  4:40  Marine, Supply Depot  
  46  4:44  Terran Infantry Weapons Level 1  
  47  5:00  Marine  
  47  5:02  Marine  
  47  5:29  Missile Turret  
  47  5:40  Orbital Command  
  47  5:41  SCV  
  47  5:42  Marine x2  
  50  5:45  Starport Reactor  
  50  5:46  Factory Tech Lab  
  50  5:54  Marine x2  
  50  5:56  SCV  
  53  6:09  Combat Shields  
  53  6:24  Marine x3  
  53  6:25  Marine  
  57  6:26  Siege Tank  
  57  6:27  Medivac  
  57  6:28  SCV x2  
  64  6:40  SCV  
  64  6:41  SCV  
  64  6:42  Supply Depot  
  64  6:43  Marine x2  
  64  7:11  Medivac x2  
  64  7:13  Marine x4  
  64  7:14  Marine  
  64  7:15  SCV x2  
  73  7:25  Barracks  
  73  7:26  Supply Depot, Barracks  
  73  7:28  Supply Depot  
  73  7:29  Terran Infantry Armor Level 1, Supply Depot  
  73  7:36  Missile Turret  
  73  7:37  SCV x2  
  73  7:40  Marine  
  76  7:48  Siege Tank, Marine  
  76  7:49  SCV  
  70  8:12  Marine x2  
  47  8:14  Marine x4  
  47  8:18  SCV x2  
  54  8:29  Marine  
  55  8:36  Marine x3  
  51  8:43  Marine x2  
  51  8:44  Marine  
  51  8:46  SCV x2  
  51  8:47  Marine  
  30  9:16  Barracks  
  30  9:18  Barracks  
  30  9:19  Command Center  
  29  9:41  SCV  
  30  10:19  SCV  
  31  10:30  Barracks Reactor x2  
  31  10:31  SCV  
  31  10:34  Barracks  
  32  10:35  Orbital Command  
  32  10:51  Barracks  
  32  10:52  Barracks  
  32  10:53  Barracks  
  32  11:11  Marine x4  
  32  11:14  SCV x2, Supply Depot  
  38  11:26  SCV  
  38  11:29  Barracks Reactor, Marine  
  38  11:30  Marine x3  
  38  11:31  SCV  
  44  11:38  SCV  
  44  11:39  Marine  
  45  11:40  Marine x2  
  45  11:47  Marine x2  
  48  11:48  Marine  
  51  11:59  Marine x2  
  51  12:00  Marine x2  
  51  12:01  Factory  
  55  12:02  Factory  
  55  12:04  Marine  
  56  12:25  Marine x5  
  56  12:38  Barracks Reactor x3  
  55  12:44  SCV  
  55  12:48  Marine x2  
  55  12:49  Marine  
  59  12:53  Factory Tech Lab x2  
  59  12:56  Refinery  
  59  12:57  Refinery, Marine  
  59  12:58  SCV x2  
  62  13:02  Missile Turret  
  62  13:04  Marine x2  
  64  13:06  Marine x2  
  64  13:10  SCV x2  
  68  13:15  Supply Depot x2  
  68  13:17  Supply Depot  
  68  13:18  Supply Depot  
  68  13:19  Marine x3  
  70  13:20  Marine  
  70  13:24  Marine x2  
  70  13:25  SCV  
  70  13:26  Marine x2  
  70  13:27  Marine, SCV  
  70  13:28  Siege Tank  
  70  13:29  Supply Depot  
  70  13:30  Supply Depot  
  70  13:31  Supply Depot  
  70  13:33  Marine  
  57  13:38  Marine x4  
  47  13:42  Marine  
  47  13:44  Marine  
  47  13:51  Marine  
Show
View Real Time Build Order
Export as new Build Order

chocsam Zerg 

Build Orders: Pool First 

Get SALT Encoding   

  13  0:07  Drone  
  13  0:10  Drone  
  14  0:22  Overlord  
  14  0:30  Extractor, Drone  
  14  0:41  Drone x2  
  16  0:56  Drone  
  17  1:09  Drone  
  17  1:10  Spawning Pool  
  17  1:25  Drone  
  18  1:26  Hatchery  
  18  1:30  Drone  
  18  1:34  Drone  
  19  1:47  Overlord  
  19  1:56  Metabolic Boost  
  19  2:00  Queen  
  21  2:08  Zergling x4  
  23  2:18  Drone  
  24  2:29  Drone  
  25  2:41  Drone x2, Roach Warren  
  25  2:43  Extractor  
  25  2:47  Evolution Chamber  
  25  2:48  Queen  
  26  2:51  Drone  
  26  2:53  Drone  
  28  2:58  Drone  
  28  3:00  Drone  
  30  3:11  Drone x3  
  33  3:22  Drone x3  
  36  3:29  Overlord  
  36  3:41  Overlord x3  
  36  3:54  Roach x3  
  36  3:55  Roach  
  43  4:03  Drone x3  
  43  4:04  Drone  
  43  4:06  Drone  
  48  4:12  Roach  
  48  4:16  Lair  
  50  4:21  Zerg Missile Weapons Level 1  
  50  4:25  Roach  
  50  4:26  Roach  
  50  4:30  Roach  
  56  4:31  Drone  
  56  4:33  Drone  
  56  4:36  Drone  
  56  4:38  Drone  
  60  4:41  Spore Crawler  
  60  4:42  Drone  
  60  4:48  Roach x2  
  60  4:52  Ravager x2  
  66  4:53  Ravager x2  
  66  4:57  Overlord  
  66  4:58  Extractor  
  66  5:00  Extractor  
  50  5:15  Roach x4  
  50  5:16  Roach  
  60  5:26  Drone x3  
  60  5:27  Glial Reconstitution  
  63  5:31  Drone  
  63  5:32  Drone  
  63  5:33  Drone  
  66  5:38  Drone x2  
  68  5:44  Drone  
  69  5:50  Drone x3  
  69  5:51  Drone  
  69  5:54  Overlord  
  73  5:59  Pneumatized Carapace  
  73  6:06  Ravager x3  
  73  6:08  Overlord x2  
  76  6:29  Drone x3  
  76  6:30  Roach x4  
  82  6:58  Roach x7  
  76  7:11  Drone x2  
  78  7:18  Drone, Zerg Missile Weapons Level 2  
  78  7:20  Hatchery, Drone  
  79  7:24  Extractor  
  79  7:25  Extractor  
  79  7:26  Tunneling Claws  
  79  7:30  Ravager x2  
  79  7:36  Spore Crawler  
  78  7:38  Spore Crawler, Drone x2  
  78  7:41  Drone  
  78  7:44  Spore Crawler  
  79  7:45  Drone  
  79  7:46  Spore Crawler  
  49  8:11  Roach x6  
  61  8:23  Overlord  
  61  8:26  Burrow  
  59  8:39  Spine Crawler  
  59  8:40  Spine Crawler  
  57  8:49  Queen  
  57  8:51  Roach x4  
  54  9:10  Roach  
  46  9:19  Roach x2  
  46  9:20  Roach  
  46  9:22  Roach  
  54  9:30  Overlord, Roach  
  54  9:31  Roach  
  56  9:34  Zerg Ground Armor Level 1  
  54  9:43  Roach x2  
  54  9:44  Roach  
  50  10:01  Roach x2  
  48  10:13  Roach  
  50  10:18  Roach x2  
  50  10:19  Roach x3  
  59  10:33  Roach  
  53  10:46  Roach x2  
  51  10:50  Roach  
  47  10:57  Roach x6  
  47  10:59  Roach x3  
  47  11:00  Roach  
  43  11:18  Roach  
  43  11:19  Roach  
  47  11:32  Roach x6  
  35  11:55  Roach  
  35  11:56  Roach x3  
  43  12:12  Roach  
  43  12:13  Roach x2  
  39  12:28  Roach  
  35  12:42  Roach x2  
  35  12:54  Roach  
Show
View Real Time Build Order
Export as new Build Order

Tässä Protoss 

Build Orders: Blink Stalkers 

Get SALT Encoding   

  12  0:01  Probe (Chrono Boost)  
  13  0:12  Probe (Chrono Boost)  
  14  0:19  Pylon  
  14  0:22  Probe (Chrono Boost)  
  15  0:37  Probe (Chrono Boost)  
  15  0:38  Gateway  
  16  0:47  Probe (Chrono Boost)  
  16  0:48  Assimilator  
  17  0:57  Assimilator  
  17  0:58  Probe (Chrono Boost)  
  17  1:03  Pylon  
  18  1:08  Probe (Chrono Boost)  
  19  1:19  Probe (Chrono Boost)  
  20  1:30  Cybernetics Core  
  20  1:32  Probe (Chrono Boost)  
  21  1:42  Probe (Chrono Boost)  
  22  1:51  Gateway  
  22  1:53  Probe (Chrono Boost)  
  23  2:00  Pylon  
  23  2:07  Stalker (Chrono Boost)  
  23  2:08  Warp Gate  
  25  2:17  Twilight Council  
  25  2:21  Mothership Core  
  27  2:33  Stalker (Chrono Boost)  
  29  2:45  Gateway  
  29  2:53  Blink (Chrono Boost)  
  29  3:03  Pylon  
  29  3:12  Stalker x2  
  33  3:28  Pylon  
  31  3:45  Stalker  
  31  3:47  Stalker x2  
  37  3:55  Pylon  
  31  4:24  Gateway  
  31  4:35  Stalker  
  31  4:36  Stalker x2  
  35  4:53  Probe  
  35  4:59  Nexus  
  36  5:02  Pylon  
  36  5:14  Stalker  
  36  5:18  Stalker  
  36  5:30  Stalker  
  36  5:35  Probe  
  39  5:45  Stalker  
  39  5:46  Stalker  
  43  5:55  Dark Shrine  
  43  6:00  Stalker  
  45  6:09  Stalker  
  47  6:20  Stalker  
  47  6:25  Probe (Chrono Boost)  
  50  6:26  Probe (Chrono Boost)  
  51  6:33  Pylon  
  51  6:36  Probe (Chrono Boost)  
  52  6:44  Probe (Chrono Boost)  
  54  6:47  Probe (Chrono Boost)  
  54  6:48  Pylon  
  54  6:55  Probe (Chrono Boost)  
  53  7:06  Stalker x3  
  53  7:38  Stalker x3  
  51  8:10  Stalker x3  
  51  8:13  Probe x2 (Chrono Boost)  
  51  8:18  Gateway  
  53  8:20  Gateway  
  53  8:23  Assimilator  
  53  8:24  Probe (Chrono Boost)  
  48  8:29  Assimilator  
  42  8:36  Stalker x2  
  42  8:37  Stalker  
  46  8:59  Dark Templar x3  
  44  9:29  Dark Templar  
  44  9:30  Dark Templar  
  31  9:50  Stalker  
  32  10:03  Stalker x2  
Show
View Real Time Build Order
Export as new Build Order

DarkShadow Protoss 

Build Orders:  

Get SALT Encoding   

  12  0:02  Probe (Chrono Boost)  
  13  0:13  Probe (Chrono Boost)  
  14  0:19  Pylon  
  14  0:23  Probe (Chrono Boost)  
  15  0:37  Probe (Chrono Boost)  
  15  0:41  Gateway  
  16  0:47  Probe (Chrono Boost)  
  17  0:53  Assimilator  
  17  0:58  Probe (Chrono Boost)  
  18  1:09  Probe (Chrono Boost)  
  19  1:12  Pylon  
  19  1:22  Probe (Chrono Boost)  
  20  1:32  Cybernetics Core  
  20  1:33  Probe (Chrono Boost)  
  21  1:40  Assimilator  
  21  1:47  Probe (Chrono Boost)  
  22  1:58  Probe (Chrono Boost)  
  23  2:09  Nexus, Warp Gate (Chrono Boost)  
  23  2:10  Adept  
  25  2:18  Pylon  
  26  2:25  Mothership Core  
  27  2:46  Probe  
  28  2:58  Probe  
  28  3:07  Gateway  
  28  3:09  Gateway  
  28  3:11  Robotics Facility  
  28  3:21  Probe  
  28  3:22  Probe  
  30  3:27  Adept  
  32  3:36  Twilight Council  
  32  3:41  Pylon  
  32  3:57  Probe  
  32  3:58  Probe  
  32  4:02  Observer  
  35  4:06  Resonating Glaives  
  35  4:07  Probe  
  36  4:10  Probe (Chrono Boost)  
  37  4:18  Forge  
  37  4:19  Probe (Chrono Boost), Pylon  
  37  4:22  Probe (Chrono Boost)  
  39  4:31  Adept x2  
  39  4:32  Adept  
  39  4:37  Probe x2 (Chrono Boost)  
  47  4:47  Immortal  
  51  4:57  Protoss Ground Weapons Level 1 (Chrono Boost)  
  51  5:00  Probe x2  
  51  5:04  Pylon  
  41  5:23  Probe x2  
  41  5:28  Pylon  
  43  5:31  Pylon  
  43  5:35  Probe x2  
  43  5:38  Observer (Chrono Boost)  
  42  5:45  Stalker  
  42  5:46  Stalker  
  46  6:04  Probe  
  46  6:05  Probe  
  48  6:13  Warp Prism (Chrono Boost)  
  48  6:17  Probe x2  
  52  6:19  Adept  
  52  6:24  Adept  
  56  6:26  Sentry  
  56  6:29  Probe  
  59  6:37  Probe  
  60  6:41  Probe  
  61  6:49  Probe  
  54  7:22  Sentry  
  56  7:23  Adept x2  
  54  7:53  Probe x2  
  54  7:54  Stalker  
  54  7:55  Stalker x2  
  58  8:00  Gateway x2  
  58  8:04  Gateway  
  58  8:05  Probe x2  
  56  8:06  Gateway  
  56  8:08  Photon Cannon  
  56  8:09  Photon Cannon  
  56  8:11  Photon Cannon  
  56  8:12  Photon Cannon x2  
  50  8:13  Photon Cannon  
  50  8:15  Photon Cannon  
  50  8:17  Probe  
  50  8:20  Stalker x2  
  50  8:23  Blink  
  50  8:24  Stalker  
  56  8:31  Assimilator  
  56  8:32  Assimilator  
  56  8:34  Protoss Ground Weapons Level 2  
  56  8:44  Pylon  
  56  9:02  Warp Prism (Chrono Boost)  
  58  9:07  Stalker x4  
  66  9:23  Photon Cannon  
  66  9:26  Photon Cannon  
  66  9:31  Stalker  
  66  9:32  Stalker x2  
  66  10:06  Stalker x6  
  76  10:08  Stalker  
  78  10:29  Stalker x4  
  78  10:30  Stalker x2  
  78  10:32  Stalker  
  86  11:00  Stalker x5  
  86  11:01  Stalker  
  86  11:02  Stalker  
  86  11:27  Stalker x5  
  88  11:51  Stalker x5  
  90  12:16  Sentry x7  
  78  12:50  Stalker x3  
  58  12:51  Stalker  
Tags
 
Add a new tag
Caveats
  • Supply blocks, unpowered buildings, or Contaminate may cause inaccurate times.
  • Supply counts are checked every 10 seconds.